 Dungeon Crawl Stone Soup version 0.29-a0-243-g602b31c20e (webtiles) character file.

Game seed: 11482523244307178879

148 dolemite99 the Twirler (level 5, -3/57 HPs)
             Began as a Demonspawn Gladiator on Mar 4, 2022.
             Succumbed to a scorpion's poison
             ... on level 4 of the Dungeon.
             The game lasted 00:02:23 (2762 turns).

dolemite99 the Twirler (Demonspawn Gladiator)       Turns: 2762, Time: 00:02:23

Health: -3/57      AC:  9    Str: 16    XL:     5   Next: 8%
Magic:  3/5        EV: 10    Int: 16    God:
Gold:   248        SH:  0    Dex: 14    Spells: 4/4 levels left

rFire   . . .      SeeInvis .   a - +0 quarterstaff
rCold   . . .      Faith    .   (shield currently unavailable)
rNeg    . . .      Spirit   +   k - +0 scale mail
rPois   .          Reflect  .   c - +0 helmet
rElec   .          Harm     .   (no cloak)
rCorr   .          Rampage  .   (no gloves)
Will    .....                   (no boots)
Stlth   ..........              (no amulet)
HPRegen 0.19/turn               z - +6 ring of intelligence
MPRegen 0.18/turn               (no ring)

@: berserking, lethally poisoned (-3 -> -27), invisible, very quick
A: thin metallic scales 1, magic shield, magic regeneration
a: no special abilities


You were on level 4 of the Dungeon.
You visited 1 branch of the dungeon, and saw 4 of its levels.

You collected 248 gold pieces.

Inventory:

Hand Weapons
 a - a +0 quarterstaff (weapon)
Missiles
 d - 3 throwing nets
 e - 140 stones
 o - 5 boomerangs (quivered)
 p - 6 silver javelins
 s - 2 poisoned darts
Armour
 b - a +0 leather armour
 c - a +0 helmet (worn)
 k - a +0 scale mail (worn)
Magical Staves
 B - a staff of death
Jewellery
 q - a ring of protection from fire
 z - a +6 ring of intelligence (left hand)
Wands
 w - a wand of iceblast (8)
Scrolls
 f - a scroll of silence {unknown}
 g - a scroll of magic mapping {unknown}
 j - 4 scrolls of identify {unknown}
 n - 4 scrolls of vulnerability {unknown}
 t - 2 scrolls of enchant armour {unknown}
 v - a scroll of teleportation {unknown}
 x - a scroll of immolation {unknown}
 y - a scroll of torment {unknown}
 A - a scroll of noise {unknown}
 C - a scroll of blinking {unknown}
Potions
 i - a potion of curing {unknown}
 l - a potion of haste {unknown}
 m - a potion of might {unknown}
 r - a potion of degeneration {unknown}


   Skills:
 - Level 2.0 Fighting
 + Level 5.3 Staves
 - Level 1.7 Throwing
 - Level 2.6 Dodging


You had 4 spell levels left.
You didn't know any spells.
Your spell library contained the following spells:

 Spells                   Type           Power      Damage    Failure   Level
 Ensorcelled Hibernation  Hex/Ice        0%         N/A       82%         2
 Passwall                 Tmut/Erth      0%         N/A       82%         2
 Swiftness                Air            0%         N/A       96%         3
 Airstrike                Air            0%         N/A       100%        4
 Summon Lightning Spire   Summ/Air       0%         N/A       100%        4
 Lightning Bolt           Conj/Air       0%         1d11      100%        5


Dungeon Overview and Level Annotations

Branches:
Dungeon (4/15)
 Temple: D:4-7

Altars:
Uskayaw


Innate Abilities, Weirdness & Mutations

You are partially covered in thin metallic scales. (AC +2)
When hurt, damage is shared between your health and your magic reserves.
You regenerate magic rapidly.


Message History

A quokka is nearby!
You closely miss the quokka.
The quokka is severely wounded.
The quokka bites you but does no damage.
You hit the quokka but do no damage.
The quokka is severely wounded.
The quokka closely misses you.
You sock the quokka!
You kill the quokka!
You start resting.
Magic restored.
You start resting.
A scorpion comes into view.
The scorpion stings you!
A kobold comes into view.
It is wielding a +2 short sword of speed.
The scorpion stings you. The scorpion barely misses you.
The scorpion stings you.
You are poisoned.
The scorpion poisons you!
You feel very sick.
Okay, then.
You completely miss the scorpion.
You feel sick. The scorpion stings you.
* * * LOW HITPOINT WARNING * * *
You are lethally poisoned!
The scorpion poisons you!
You hit the scorpion but do no damage.
* * * LOW HITPOINT WARNING * * *
You feel very sick. The scorpion misses you.
It was a potion of invisibility.
You fade into invisibility!
* * * LOW HITPOINT WARNING * * *
You feel very sick. The scorpion misses you. The scorpion stings you.
* * * LOW HITPOINT WARNING * * *
You are more poisoned.
The scorpion poisons you!
It was a potion of berserk rage.
A red film seems to cover your vision as you go berserk!
You feel yourself moving faster!
You feel mighty!
You die...

.#.......
.......
##......
(..... #.$..
#...#
#####...####
^.....K.s@.#
##########.#
#.# #)# #.#
##########
#.#
#........#
#.#
#........#
#.#
#....)...##
#.#


You could see a scorpion and a kobold.

Vanquished Creatures
  An iguana (D:3)
  5 adders
  A worm (D:1)
  5 dart slugs
  2 orcs
  4 endoplasms
  4 giant cockroaches
  7 goblins
  4 hobgoblins
  4 jackals (D:3)
  3 quokkas
  3 ball pythons (D:1)
  8 bats
  A frilled lizard (D:3)
  4 kobolds
  5 rats
61 creatures vanquished.

Notes
Turn   | Place    | Note
-------+----------+-------------------------------------------
     0 | D:1      | dolemite99 the Demonspawn Gladiator began the quest for the
                  | Orb.
     0 | D:1      | Reached XP level 1. HP: 16/16 MP: 1/1
   187 | D:1      | Reached skill level 3 in Staves
   517 | D:1      | Gained mutation: You regenerate magic rapidly. [demonic
                  | ancestry]
   517 | D:1      | Reached XP level 2. HP: 15/22 MP: 2/2
  1570 | D:2      | Gained mutation: You are partially covered in thin metallic
                  | scales. (AC +2) [demonic ancestry]
  1570 | D:2      | Reached XP level 3. HP: 27/27 MP: 3/3
  1637 | D:2      | Reached skill level 4 in Staves
  1871 | D:2      | Gained mutation: When hurt, damage is shared between your
                  | health and your magic reserves. [demonic ancestry]
  1871 | D:2      | Reached XP level 4. HP: 28/33 MP: 4/4
  2253 | D:3      | Reached skill level 5 in Staves
  2517 | D:3      | Reached XP level 5. HP: 38/38 MP: 5/5
  2522 | D:3      | Found a hide-covered altar of Uskayaw.
  2761 | D:4      | HP: 1/38 [scorpion (2)]
  2762 | D:4      | Succumbed to a scorpion's poison

Illustrated notes

Levels and vault maps discovered:
D:1:      dpeg_arrival_signposts, layout_loops_corners, nicolae_wormholes
D:2:      layout_basic, kennysheep_generic_room_10
D:3:      layout_basic, amcnicky_altar_gilded
D:4:      layout_basic, tso_metal_star

Skill      XL: |  1  2  3  4 |
---------------+-------------+-----
Staves         | 3 4 5 |  5.3
Fighting       | |  2.0
Throwing       | |  1.7
Dodging        | |  2.6

Action                   |  1- 3 |  4- 6 || total
-------------------------+-------+-------++-------
Melee: Quarterstaff      |    74 |    60 ||   134
Throw: Boomerang         |    16 |    39 ||    55
  Use: Potion            |       |     2 ||     2
Armor: Leather armour    |    14 |       ||    14
       Scale mail        |    23 |    28 ||    51
Dodge: Dodged            |    52 |    36 ||    88

Table legend: (Time is in decaauts)
 A = Elapsed time spent in this place.
 B = Non-inter-level travel time spent in this place.
 C = Inter-level travel time spent in this place.
 D = Time resting spent in this place.
 E = Time spent auto-exploring this place.
 F = Levels seen in this place.
 G = Mean time per level.
                   A        B        C        D        E       F      G
               +--------+--------+--------+--------+--------+-----+--------+
         Total |   2784 |   2728 |     56 |    482 |   1694 |   4 |  696.0 |
       Dungeon |   2784 |   2728 |     56 |    482 |   1694 |   4 |  696.0 |
               +--------+--------+--------+--------+--------+-----+--------+

Top non-repeatable levels by time:
     D:1: 1506 daAuts
     D:3: 618 daAuts
     D:2: 537 daAuts
     D:4: 122 daAuts
